 Dungeon Crawl Stone Soup version 0.27.1-34-g3ba077fa99 (webtiles) character file.

Game seed: 11370664660946388333

1566 cbfl8 the Cleaver (level 8, 0/111 HPs)
             Began as a Minotaur Wanderer on Jan 18, 2022.
             Was a Follower of Yredelemnul.
             Slain by Duvessa (10 damage)
             ... on level 6 of the Dungeon.
             The game lasted 00:13:19 (7286 turns).

cbfl8 the Cleaver (Minotaur Wanderer)               Turns: 7286, Time: 00:13:19

Health: 0/111      AC: 28    Str: 18    XL:     8   Next: 59%
Magic:  7/7        EV:  2    Int:  9    God:    Yredelemnul [*.....]
Gold:   328        SH:  0    Dex: 11    Spells: 7/7 levels left

rFire    . . .     SeeInvis .   y - +4 dagger (speed)
rCold    . . .     Faith    .   (no shield)
rNeg     + + +     Spirit   .   (armour currently unavailable)
rPois    +         Reflect  .   (helmet currently unavailable)
rElec    .         Harm     .   (cloak currently unavailable)
rCorr    .         Rampage  .   (gloves currently unavailable)
Will     .....     NoTele   +   (boots currently unavailable)
Stlth    ++........             (no amulet)
HPRegen  0.28/turn              g - +4 ring of protection
MPRegen  0.10/turn              (no ring)

@: tree-form
A: stationary, stasis, torment immunity, boosted hp, (horns 2), (retaliatory
headbutt)
a: Renounce Religion, Animate Remains


You were on level 6 of the Dungeon.
You worshipped Yredelemnul.
Yredelemnul was aware of your devotion.
You were a tree.
You visited 2 branches of the dungeon, and saw 7 of its levels.

You collected 328 gold pieces.

Inventory:

Hand Weapons
 a - a +2 hand axe
 p - a +0 long sword
 y - a +4 dagger of speed (weapon)
Armour
 d - a +0 robe
 q - a +0 pair of boots (melded)
 r - a +0 ring mail (melded)
Magical Staves
 j - a staff of air
Jewellery
 g - a +4 ring of protection (left branch)
 z - a +6 ring of intelligence
Wands
 t - a wand of charming (5)
 A - a wand of mindburst (13)
Scrolls
 c - 2 scrolls of teleportation
 e - a scroll of vulnerability {unknown}
 f - 4 scrolls of enchant weapon {unknown}
 h - a scroll of holy word {unknown}
 k - 2 scrolls of fog {unknown}
 m - a scroll of immolation {unknown}
 n - a scroll of noise {unknown}
 o - a scroll of enchant armour {unknown}
 u - a scroll of amnesia {unknown}
 v - a scroll of fear {unknown}
 x - a scroll of identify {unknown}
Potions
 i - a potion of degeneration {unknown}
 l - a potion of might {unknown}
 s - a potion of heal wounds {unknown}
 w - a potion of flight {unknown}


   Skills:
 + Level 7.8 Fighting
 + Level 1.7 Short Blades
 + Level 8.7 Axes
 + Level 1.2 Staves
 + Level 1.0 Throwing
 + Level 4.0 Armour
 + Level 4.9 Dodging
 + Level 2.5 Stealth
 + Level 1.2 Shields


You had 7 spell levels left.
You didn't know any spells.
Your spell library contained the following spells:

 Spells                   Type           Power      Damage    Failure   Level
 Dazzling Flash           Conj/Hex       0%         N/A       77%         3
 Iskenderun's Mystic Bla  Conj/Tloc      0%         2d3       99%         4
 Starburst                Conj/Fire      0%         6d3       100%        6


Dungeon Overview and Level Annotations

Branches:
Dungeon (6/15)             Temple (1/1) D:6

Altars:
Cheibriados
Elyvilon
Gozag
Hepliaklqana
Makhleb
Nemelex Xobeh
Okawaru
Qazlal
Ru
Sif Muna
Trog
Vehumet
Wu Jian
Xom
Yredelemnul
Zin
The Shining One

Shops:
D:4 =   D:5 (

Annotations:
D:6 Duvessa


Innate Abilities, Weirdness & Mutations

You are a tree.
Your roots penetrate the ground, keeping you stationary.
You cannot be teleported.
You are immune to unholy pain and torment.
Your maximum health is greatly increased.
Your equipment is partially melded.
((You have a pair of horns on your head.))
((You reflexively headbutt those who attack you in melee.))


Message History

Duvessa is heavily wounded.
Duvessa hits you with a +0 short sword.
Unknown command.
You hit Duvessa but do no damage. You headbutt Duvessa!
Duvessa is severely wounded.
Duvessa closely misses you.
Unknown command.
You hit Duvessa but do no damage.
Duvessa is severely wounded.
Duvessa hits you with a +0 short sword.
Unknown command.
You hit Duvessa.
Duvessa is severely wounded.
Duvessa hits you with a +0 short sword!
* * * LOW HITPOINT WARNING * * *
Unknown command.
You hit Duvessa.
Duvessa is severely wounded.
Duvessa closely misses you. You furiously retaliate!
You headbutt Duvessa.
Unknown command.
You hit Duvessa but do no damage.
Duvessa is severely wounded.
Duvessa hits you with a +0 short sword.
* * * LOW HITPOINT WARNING * * *
Unknown command.
You hit Duvessa but do no damage.
Duvessa is severely wounded.
Duvessa barely misses you.
Unknown command.
You completely miss Duvessa.
Duvessa is severely wounded.
Duvessa hits you with a +0 short sword!
* * * LOW HITPOINT WARNING * * *
Unknown command.
You turn into a tree.
Your +0 pair of boots melds into your body.
Your +0 ring mail melds into your body.
Your roots penetrate the ground.
Duvessa hits you with a +0 short sword!
You die...
Your body rises from the dead as a mindless zombie.

##.##.... ..
..#...##...#.## ##......#
.# #####..###.##.# ##..
...# #.# ##'## .# #
######.# #.# ##...##
.......# #.# ##.....##
######.######.#
##.#...#.##
#.....)..#####)8.8.8.8.##
#.#####.....#...........#
#.# ##..#♣e.....(.....+
#.######....#......e....#
##.##......####.8.8.8.8.##
#...#.###### ##.#...#.##
#.....# ##.....## #...###
##...## ##### ##+##


You could see Duvessa (berserk).

Vanquished Creatures
  2 sky beasts
  2 black bears (D:6)
  An ice beast (D:4)
  4 ogres
  A phantom (D:6)
  A wyvern zombie (D:6)
  A scorpion (D:5)
  Dowan (D:6)
  A howler monkey (D:6)
  2 orc priests (D:5)
  A hound (D:4)
  3 jellies
  2 iguanas
  3 orc wizards
  A howler monkey zombie (D:6)
  8 adders
  3 gnolls (D:4)
  An ufetubus (D:4)
  A worm (D:3)
  A dart slug (D:3)
  14 orcs
  6 bats
  4 endoplasms
  3 giant cockroaches
  2 goblins (D:3)
  6 hobgoblins
  2 quokkas
  9 ball pythons
  5 frilled lizards (D:2)
  4 kobolds
  2 rats
  A spectral kobold (D:3)
98 creatures vanquished.

Vanquished Creatures (others)
  An orc wizard (D:6)
1 creature vanquished.

Grand Total: 99 creatures vanquished

Notes
Turn   | Place    | Note
-------+----------+-------------------------------------------
     0 | D:1      | cbfl8 the Minotaur Wanderer began the quest for the Orb.
     0 | D:1      | cbfl8 set off with the following items: a +2 hand axe, a
                  | potion of lignification, a scroll of teleportation, a +0
                  | robe
     0 | D:1      | Reached XP level 1. HP: 22/22 MP: 0/0
    17 | D:1      | You fall into a shaft and drop 1 floor!
    31 | D:3      | Reached skill level 5 in Fighting
   230 | D:2      | Reached skill level 4 in Axes
   230 | D:2      | Reached XP level 2. HP: 24/29 MP: 1/1
  1464 | D:2      | Reached XP level 3. HP: 37/37 MP: 2/2
  2243 | D:3      | Reached XP level 4. HP: 34/44 MP: 3/3
  2414 | D:3      | Reached skill level 1 in Dodging
  2486 | D:3      | Found an ornate altar of the Wu Jian Council.
  2487 | D:3      | Found an iron altar of Okawaru.
  2521 | D:3      | Found a glowing silver altar of Zin.
  2556 | D:3      | Found a faded altar of an unknown god.
  2912 | D:4      | Noticed an ogre
  3120 | D:4      | Found Raadumea's Jewellery Emporium.
  3123 | D:4      | Noticed an ogre
  3143 | D:4      | Killed an ogre
  3144 | D:4      | Reached skill level 5 in Axes
  3144 | D:4      | Reached skill level 1 in Staves
  3144 | D:4      | Reached XP level 5. HP: 25/51 MP: 4/4
  3341 | D:4      | Noticed an ice beast
  3357 | D:4      | Killed an ice beast
  3358 | D:4      | Reached skill level 6 in Axes
  3358 | D:4      | Reached XP level 6. HP: 22/58 MP: 5/5
  3760 | D:4      | Found a sparkling altar of Nemelex Xobeh.
  3816 | D:4      | Found a bloodstained altar of Trog.
  3835 | D:4      | Found a radiant altar of Vehumet.
  3838 | D:4      | Found a basalt altar of Yredelemnul.
  3842 | D:4      | Became a worshipper of Yredelemnul the Dark
  4506 | D:5      | Entered Level 5 of the Dungeon
  4514 | D:5      | Noticed a sky beast
  4528 | D:5      | Killed a sky beast
  4529 | D:5      | Reached skill level 7 in Axes
  4529 | D:5      | Reached XP level 7. HP: 43/64 MP: 6/6
  5071 | D:5      | Found Baptim's Antique Weapon Boutique.
  5486 | D:5      | Reached skill level 1 in Armour
  5496 | D:5      | Reached skill level 8 in Axes
  5947 | D:6      | Found a stormy altar of Qazlal.
  5961 | D:6      | Found a staircase to the Ecumenical Temple.
  5984 | D:6      | Reached XP level 8. HP: 73/73 MP: 7/7
  6009 | Temple   | Entered the Ecumenical Temple
  6284 | D:6      | Noticed Duvessa
  6285 | D:6      | Noticed Dowan
  7021 | D:6      | Reached skill level 1 in Short Blades
  7087 | D:6      | Reached * piety under Yredelemnul
  7211 | D:6      | Killed Dowan
  7286 | D:6      | Slain by Duvessa

Illustrated notes

Levels and vault maps discovered:
D:1:      nzn_arrival_depleted_hourglass, layout_loops_ring
D:2:      layout_basic
D:3:      layout_basic, nicolae_overflow_crystal_walls,
          gammafunk_temple_overflow_statue,
          dreamdust_ecumenical_altar_drowned_temple,
          minmay_randomly_rotated_circles
D:4:      cheibrodos_helix_gallery, layout_loops_ring,
          nemelex_xobeh_ov_fountains_minmay, minitemple,
          mainiacjoe_overflow_tiny_flanked, serial_shops, shop,
          grunt_decor_resistance, minivault_24, mrwooster_statue_mirror,
          minmay_misc_feat_alley
D:5:      layout_basic, serial_shops, shop
D:6:      layout_loops_ring, nicolae_qazlal_scattered_showers,
          minmay_temple_entry_glass, dk_noncrumbling_3, uniq_duvessa
Temple:   grunt_temple_mini_profane

Skill      XL: |  1  2  3  4  5  6  7  8 |
---------------+-------------------------+-----
Fighting       | 5 6 7 |  7.8
Axes           | 4 5 6 7 8 |  8.7
Dodging        | 1 2 3 4 |  4.9
Staves         | 1 |  1.2
Stealth        | 2 |  2.5
Armour         | 1 4 |  4.0
Short Blades   | 1 |  1.7
Throwing       | |  1.0
Shields        | |  1.2

Action                   |  1- 3 |  4- 6 |  7- 9 || total
-------------------------+-------+-------+-------++-------
Melee: Hand axe          |    58 |    82 |    44 ||   184
       Headbutt          |     6 |    13 |    38 ||    57
       Staff             |     2 |     7 |       ||     9
       Dagger            |       |       |   116 ||   116
  Use: Potion            |       |     2 |     1 ||     3
       Scroll            |       |       |     1 ||     1
Armor: Robe              |    16 |    45 |       ||    61
       Ring mail         |       |       |    46 ||    46
Dodge: Dodged            |    61 |    62 |    52 ||   175
